 Dungeon Crawl Stone Soup version 0.30.0-10-gfe55d96785 (webtiles) character file.

Game seed: 18238107621368287966

170 Spectrina the Trooper (level 5, -5/46 HPs)
             Began as a Human Monk on May 13, 2023.
             Slain by an iguana (13 damage)
             ... on level 5 of the Dungeon on May 14, 2023.
             The game lasted 00:08:08 (848 turns).

Spectrina the Trooper (Human Monk)                   Turns: 848, Time: 00:08:09

Health: -5/46      AC:  2    Str: 14    XL:     5   Next: 80%
Magic:  5/5        EV: 13    Int: 10    God:
Gold:   53         SH:  0    Dex: 15    Spells: 4/4 levels left

rFire   . . .        g - +2 dagger (venom)
rCold   . . .        d - orb {light}
rNeg    . . .        b - +0 robe
rPois   .            (no helmet)
rElec   .            (no cloak)
rCorr   .            (no gloves)
SInv    .            (no boots)
Will    .....        (no amulet)
Stlth   +            (no ring)
HPRegen 0.27/turn    (no ring)
MPRegen 0.09/turn

%: no passive effects
@: confused, ambrosia-drunk, attractive, glowing
A: no striking features
a: no special abilities


You were on level 5 of the Dungeon.
You visited 1 branch of the dungeon, and saw 5 of its levels.

You collected 86 gold pieces.
You spent 33 gold pieces at shops.

Inventory:

Hand Weapons
 a - a +0 mace
 g - a +2 dagger of venom (weapon)
Armour
 b - a +0 robe (worn)
 d - an orb of light (worn)
 e - a +0 kite shield
Wands
 l - a wand of flame (2)
Scrolls
 f - a scroll of vulnerability {unknown}
 j - a scroll of teleportation
 k - a scroll of immolation {unknown}
Potions
 h - 2 potions of mutation


   Skills:
 + Level 6.0 Fighting
 - Level 3.0 Maces & Flails
 - Level 3.0 Dodging


You had 4 spell levels left.
You didn't know any spells.
Your spell library was empty.

Dungeon Overview and Level Annotations

Branches:
Dungeon (5/15)
 Temple: D:4-7

Altars:
Ru

Shops:
D:2 ??

Annotations:
D:5 Grinder, Menkaure


Message History

The iguana is heavily wounded.
The iguana barely misses you. The iguana attacks as you move away!
The iguana completely misses you.
You kill the iguana!
Grinder comes into view.
Your Fighting skill increases to level 6!
Saving game... please wait.
Level annotation: Grinder Welcome back, Spectrina the Human Monk.
Press ? for a list of commands and other information.
Okay, then.
Okay, then.
You see here a +0 club.
You now have 53 gold pieces (gained 20).
j - 2 scrolls of teleportation (gained 1) Menkaure, Prince of Dust comes into view.
Menkaure shouts!
You hear a shout!
Menkaure mumbles, "From dust you came, to dust you will return."
Unknown command.
As you read the scroll of teleportation, it crumbles to dust.
You feel strangely unstable.
Menkaure calls on the powers of darkness!
Your body is wracked with pain!
* * * LOW HITPOINT WARNING * * *
Unknown command.
Unknown command.
Your surroundings suddenly seem different.
Found a lumpy orange potion.
Unknown command.
An iguana comes into view.
Found a book of Alchemy.
The iguana hisses angrily.
It was a potion of attraction.
You feel attractive to monsters.
You are confused.
You feel invigorated. The iguana bites you!
* * * LOW HITPOINT WARNING * * *
Unknown command.
The iguana attacks as you move away! The iguana bites you!
You die...

ยง.. ..#.
...###
....: #...
#...
#..l####
+...@..#
#......#
#.......#
#.......#
...!....##
..........
..........
...........


You could see an iguana.

Vanquished Creatures
  An iguana (D:5)
  Natasha (thrice) (D:2)
  2 gnolls
  2 adders
  A worm (D:4)
  An orc (D:3)
  A ball python (D:1)
  3 endoplasms
  A goblin (D:1)
  3 hobgoblins
  4 jackals (D:1)
  A quokka (D:3)
  3 bats
  2 frilled lizards (D:2)
  4 kobolds
  A rat (D:3)
33 creatures vanquished.

Notes
Turn   | Place    | Note
-------+----------+-------------------------------------------
     0 | D:1      | Spectrina the Human Monk began the quest for the Orb.
     0 | D:1      | Reached XP level 1. HP: 18/18 MP: 1/1
   108 | D:2      | Found Sick's Magic Scroll Boutique.
   115 | D:2      | Bought a scroll of identify for 22 gold pieces
   123 | D:2      | Found Beamayn's Magic Scroll Shop.
   141 | D:2      | Bought a scroll of noise for 11 gold pieces
   149 | D:2      | Reached XP level 2. HP: 14/24 MP: 2/2
   319 | D:2      | Noticed Natasha
   325 | D:2      | Killed Natasha
   326 | D:2      | Reached skill level 4 in Fighting
   326 | D:2      | Reached XP level 3. HP: 30/30 MP: 3/3
   481 | D:1      | Reached XP level 4. HP: 20/38 MP: 4/4
   593 | D:2      | Noticed Natasha
   600 | D:2      | Killed Natasha
   601 | D:2      | Reached skill level 5 in Fighting
   610 | D:2      | Noticed Natasha
   616 | D:2      | Killed Natasha
   617 | D:2      | Reached XP level 5. HP: 38/44 MP: 5/5
   681 | D:3      | Noticed a water moccasin
   758 | D:4      | Found a sacrificial altar of Ru.
   783 | D:5      | Entered Level 5 of the Dungeon
   808 | D:5      | Noticed Grinder
   809 | D:5      | Reached skill level 6 in Fighting
   838 | D:5      | Noticed Menkaure
   848 | D:5      | Slain by an iguana

Illustrated notes

Levels and vault maps discovered:
D:1:      dpeg_arrival_line_fractal, layout_basic
D:2:      layout_rooms, serial_shops, shop, shop_scrolls,
          ebering_ecumenical_altar_ruins, uniq_natasha
D:3:      layout_basic, kennysheep_another_room, minmay_misc_feat_hallway,
          minmay_cupped
D:4:      dreamdust_elfheim, layout_loops_cross, mainiacjoe_overflow_alcove_4,
          marbit_many_paths, minmay_temple_entry_ruins, gup_sewer_entry_bowl
D:5:      layout_rooms, lemuel_coloured_pillars_altar, kennysheep_mini,
          beargit_hepliaklqana_dungeon_heroes, hex_intersection,
          wad_floor_pattern_1, uniq_grinder, uniq_menkaure, uniq_edmund

Skill      XL: |  1  2  3  4  5 |
---------------+----------------+-----
Fighting       | 4 5 6 |  6.0
Maces & Flails | |  3.0
Dodging        | |  3.0

Action                     |  1- 3 |  4- 6 || total
---------------------------+-------+-------++-------
  Melee: Mace              |    27 |       ||    27
         Dagger            |    17 |    50 ||    67
    Use: Scroll            |     1 |     3 ||     4
         Potion            |       |     2 ||     2
 Armour: Robe              |     4 |     3 ||     7
  Dodge: Dodged            |    25 |    22 ||    47
